 Dungeon Crawl Stone Soup version 0.29-a0-994-gc5c9f59d18 (webtiles) character file.

Game seed: 7250941038719627394

4 vurker the Sneak (level 1, 0/9 HPs)
             Began as a Vine Stalker Enchanter on Aug 3, 2022.
             Slain by a jackal (1 damage)
             ... on level 1 of the Dungeon.
             The game lasted 00:00:17 (298 turns).

vurker the Sneak (Vine Stalker Enchanter)            Turns: 298, Time: 00:00:18

Health: 0/9        AC:  3    Str: 10    XL:     1   Next: 70%
Magic:  0/4        EV: 12    Int: 15    God:
Gold:   0          SH:  0    Dex: 14    Spells: 4/4 levels left

rFire   . . .      SeeInvis .   a - +1 dagger
rCold   . . .      Faith    .   (no shield)
rNeg    . . .      Spirit   +   b - +0 robe
rPois   .          Reflect  .   d - +0 helmet
rElec   .          Harm     .   (no cloak)
rCorr   .          Rampage  .   (no gloves)
Will    .....                   (no boots)
Stlth   ++........              (no amulet)
HPRegen 0.03/turn               (no ring)
MPRegen 0.09/turn               (no ring)

@: no status effects
A: fangs 2, magic shield, antimagic bite, no potion heal 2
a: no special abilities


You were on level 1 of the Dungeon.
You visited 1 branch of the dungeon, and saw 1 of its levels.

Inventory:

Hand Weapons
 a - a +1 dagger (weapon)
Armour
 b - a +0 robe (worn)
 d - a +0 helmet (worn)
   (You found it on level 1 of the Dungeon)
Potions
 c - 2 potions of invisibility


   Skills:
 + Level 0.3 Fighting
 * Level 1.3 Short Blades
 - Level 1.5 Dodging
 - Level 3.6 Stealth
 - Level 2.1 Spellcasting
 - Level 3.0 Hexes


You had 4 spell levels left.
You didn't know any spells.
Your spell library contained the following spells:

 Spells                   Type           Power      Damage    Failure   Level
 Ensorcelled Hibernation  Hex/Ice        12%        N/A       19%         2
 Confusing Touch          Hex            10%        N/A       19%         3
 Tukima's Dance           Hex            10%        N/A       19%         3
 Dazzling Flash           Conj/Hex       12%        N/A       34%         3


Dungeon Overview and Level Annotations

Branches:
Dungeon (1/15)

Altars:


Innate Abilities, Weirdness & Mutations

You have extremely sharp teeth.
When hurt, damage is shared between your health and your magic reserves.
Your bite disrupts and absorbs the magic of your enemies.
Potions cannot restore your health.


Message History

The goblin shouts!
You hear a bark!
You hit the goblin.
You kill the goblin!
No target in view!
No target in view!
No target in view!
No target in view!
No target in view!
No target in view!
No target in view!
No target in view!
No target in view!
No target in view!
No target in view!
Things that are here:
a +0 dagger; a goblin corpse A jackal comes into view.
A jackal is nearby!
A jackal is nearby!
A jackal is nearby!
The jackal barks!
A jackal comes into view.
The jackal barks!
A jackal comes into view.
The jackal completely misses you.
You barely miss the jackal. The jackal bites you. The jackal barely misses you.
You barely miss the jackal. The jackal closely misses you.
You miss the jackal.
The jackal bites you but does no damage.
You barely miss the jackal. You hit the jackal but do no damage.
The jackal barely misses you.
You hit the jackal. You bite the jackal. You drain its power.
You feel invigorated. The jackal bites you.
You closely miss the jackal. The jackal barely misses you.
The jackal bites you. The jackal closely misses you.
You closely miss the jackal. Your bite misses the jackal. The jackal bites you.
* * * LOW HITPOINT WARNING * * *
The jackal bites you but does no damage.
You closely miss the jackal. Your bite misses the jackal. The jackal bites you.
The jackal closely misses you.
You hit the jackal. Your bite misses the jackal. The jackal bites you.
The jackal closely misses you.
You hit the jackal. The jackal completely misses you.
The jackal barely misses you. x2
You hit the jackal.
You kill the jackal!
The jackal bites you.
* * * LOW HITPOINT WARNING * * *
The jackal bites you.
You die...

##### #...
#############.########
#.>............).....###
#.######..)÷..##........
#.#######........ #.#
###..###### #.# #.†..#
#.# #.#@## ####.# #.#h#
##....##### .h.
#......[........
#..#######......#
##..########.....#
#................#
###...#######..#.#.#
......# ####..


You could see 2 jackals.

Vanquished Creatures
  A giant cockroach (D:1)
  A goblin (D:1)
  A jackal (D:1)
  A quokka (D:1)
  A kobold (D:1)
5 creatures vanquished.

Notes
Turn   | Place    | Note
-------+----------+-------------------------------------------
     0 | D:1      | vurker the Vine Stalker Enchanter began the quest for the
                  | Orb.
     0 | D:1      | Reached XP level 1. HP: 9/9 MP: 4/4
    34 | D:1      | Reached skill level 1 in Short Blades
   298 | D:1      | Slain by a jackal

Illustrated notes

Levels and vault maps discovered:
D:1:      tarquinn_simple_flora_water_e, layout_loops_ring,
          hellmonk_ecumenical_altar_run_dry

Skill      XL: |  1 |
---------------+----+-----
Short Blades   | 1 |  1.3
Fighting       | |  0.3
Dodging        | |  1.5
Stealth        | |  3.6
Spellcasting   | |  2.1
Hexes          | |  3.0

Action                   || total
-------------------------++-------
Melee: Dagger            ||    27
       Bite              ||     4
 Stab: Sleeping          ||     1
Armor: Robe              ||     3
Dodge: Dodged            ||    19

Table legend: (Time is in decaauts)
 A = Elapsed time spent in this place.
 B = Non-inter-level travel time spent in this place.
 C = Inter-level travel time spent in this place.
 D = Time resting spent in this place.
 E = Time spent auto-exploring this place.
 F = Levels seen in this place.
 G = Mean time per level.
                   A        B        C        D        E       F      G
               +--------+--------+--------+--------+--------+-----+--------+
         Total |    296 |    296 |      0 |      0 |    248 |   1 |  296.0 |
       Dungeon |    296 |    296 |      0 |      0 |    248 |   1 |  296.0 |
               +--------+--------+--------+--------+--------+-----+--------+

Top non-repeatable levels by time:
     D:1: 296 daAuts
